 Dungeon Crawl Stone Soup version 0.30-a0-799-g109b55a442 (webtiles) character file.

Game seed: 10373338935551362856

37 Pimp the Ruffian (level 3, 0/29 HPs)
             Began as a Draconian Transmuter on Feb 21, 2023.
             Slain by a kobold
             ... wielding a +0 short sword
              (1 damage)
             ... on level 3 of the Dungeon.
             The game lasted 00:03:40 (1859 turns).

Pimp the Ruffian (Draconian Transmuter)             Turns: 1859, Time: 00:03:40

Health: 0/29       AC:  5    Str: 13 (14) XL:     3   Next: 23%
Magic:  6/6        EV: 12    Int: 12 (13) God:
Gold:   103        SH:  0    Dex: 10 (11) Spells: 5/6 levels left

rFire   . . .      SeeInvis .    j - +3 dagger (freeze)
rCold   . . .      Faith    .    (no shield)
rNeg    . . .      Spirit   .    (body armour unavailable)
rPois   .          Reflect  .    (helmet restricted)
rElec   .          Harm     .    (no cloak)
rCorr   .          Rampage  .    (no gloves)
Will    .....                    (no boots)
Stlth   +                        (no amulet)
HPRegen 0.24/turn                (no ring)
MPRegen 0.10/turn                (no ring)

@: mighty, brilliant, hasted, very quick
A: AC +5, unfitting armour, cold-blooded
a: no special abilities


You were on level 3 of the Dungeon.
You visited 1 branch of the dungeon, and saw 3 of its levels.

You collected 103 gold pieces.

Inventory:

Hand Weapons
 g - a +0 short sword
 j - a +3 dagger of freezing (weapon)
 o - the +8 sling of Diet Blood {drain, Dex+2}
   (You found it on level 2 of the Dungeon)

   Dex:       It affects your dexterity (+2).
 q - a +1 short sword of freezing
Missiles
 k - 6 poisoned darts
Jewellery
 n - an amulet of guardian spirit
Scrolls
 d - a scroll of fear
Potions
 a - a potion of lignification
 e - a potion of attraction {unknown}
 m - 2 potions of haste


   Skills:
 + Level 1.7 Fighting
 + Level 2.1 Dodging
 + Level 3.3 Unarmed Combat
 + Level 2.3 Spellcasting
 + Level 2.4 Transmutations


You had 5 spell levels left.
You knew the following spells:

 Your Spells              Type           Power      Damage    Failure   Level
a - Beastly Appendage     Tmut           20%        N/A       10%         1

Your spell library contained the following spells:

 Spells                   Type           Power      Damage    Failure   Level
 Wereblood                Tmut           10%        N/A       16%         2
 Spider Form              Tmut/Pois      6%         N/A       43%         3
 Ice Form                 Ice/Tmut       6%         N/A       85%         4


Dungeon Overview and Level Annotations

Branches:
Dungeon (3/15)

Altars:

Annotations:
D:3 Terence


Innate Abilities, Weirdness & Mutations

Your plain brown scales are hard. (AC +5)
You cannot fit into any form of body armour.
You are cold-blooded and may be slowed by cold attacks.


Message History

The kobold barely misses you. Terence barely misses you.
You hit Terence. You freeze Terence. You claw Terence.
Your headbutt misses Terence.
Terence is severely wounded.
The kobold hits you but does no damage.
You closely miss Terence. Your kick misses Terence.
You headbutt Terence, but do no damage. You tail-slap Terence.
Terence is severely wounded.
Your horns disappear.
Your talons disappear.
Terence hits you with a +2 heavy hand axe!
* * * LOW HITPOINT WARNING * * *
The kobold hits you but does no damage.
You hit Terence but do no damage.
You tail-slap Terence, but do no damage.
Terence is severely wounded.
The kobold hits you but does no damage.
Terence hits you with a +2 heavy hand axe.
* * * LOW HITPOINT WARNING * * *
You feel very mighty all of a sudden. The kobold misses you.
It was a potion of cancellation.
Your magical effects are unravelling.
You feel magically purged.
You feel a little less mighty now. Terence misses you.
The kobold completely misses you.
It was a potion of haste.
You feel yourself speed up. The kobold closely misses you.
Terence hits you with a +2 heavy hand axe.
* * * LOW HITPOINT WARNING * * *
It was a potion of degeneration.
There was something very wrong with that liquid.
You feel weakened.
You feel dopey.
You feel clumsy.
You feel very mighty all of a sudden.
The kobold hits you with a +0 short sword.
* * * LOW HITPOINT WARNING * * *
It was a potion of brilliance.
You feel clever all of a sudden. Terence barely misses you.
The kobold hits you with a +0 short sword.
You die...

##.....
#......
.....#
....#
.... #
##..#
#...#..K#
#....@#
#...#.@.#
. ##.##
#. #. #.
.. #.


You could see Terence and a kobold.

Vanquished Creatures
  A worm (D:2)
  2 ball pythons (D:2)
  3 endoplasms
  3 goblins (D:1)
  4 hobgoblins
  3 kobolds (D:2)
  2 quokkas (D:1)
  8 bats
  A frilled lizard (D:2)
  3 rats
30 creatures vanquished.

Notes
Turn   | Place    | Note
-------+----------+-------------------------------------------
     0 | D:1      | Pimp the Draconian Transmuter began the quest for the Orb.
     0 | D:1      | Reached XP level 1. HP: 16/16 MP: 3/3
   301 | D:1      | Reached XP level 2. HP: 4/23 MP: 5/5
  1059 | D:2      | Reached XP level 3. HP: 24/29 MP: 6/6
  1173 | D:2      | Identified the +8 sling of Diet Blood {drain, Dex+2}
  1840 | D:3      | Noticed Terence
  1858 | D:3      | HP: 1/29 [kobold/+0 short sword (4)]
  1859 | D:3      | Slain by a kobold

Illustrated notes

Levels and vault maps discovered:
D:1:      saegor_arrival_simple_b, layout_loops_ring, minmay_misc_feat_rows,
          minmay_misc_feat_encased, amethyst_killhole
D:2:      wander_river, layout_basic, grunt_decor_clamped
D:3:      layout_rooms, mainiacjoe_overflow_small_starburst, serial_shops, shop,
          uniq_ijyb, uniq_terence

Skill      XL: |  1  2 |
---------------+-------+-----
Dodging        | 2 |  2.1
Fighting       | |  1.7
Unarmed Combat | |  3.3
Spellcasting   | |  2.3
Transmutations | |  2.4

Action                     || total
---------------------------++-------
  Melee: Unarmed           ||    25
         Short sword       ||    34
         Punch             ||     4
         Tailslap          ||     8
         Dagger            ||    55
         Headbutt          ||     2
         Kick              ||     1
   Cast: Beastly Appendage ||     2
    Use: Potion            ||     6
         Scroll            ||     5
 Armour: Skin              ||    47
  Dodge: Dodged            ||    76

Table legend: (Time is in decaauts)
 A = Elapsed time spent in this place.
 B = Non-inter-level travel time spent in this place.
 C = Inter-level travel time spent in this place.
 D = Time resting spent in this place.
 E = Time spent auto-exploring this place.
 F = Levels seen in this place.
 G = Mean time per level.
                   A        B        C        D        E       F      G
               +--------+--------+--------+--------+--------+-----+--------+
         Total |   1888 |   1683 |    205 |     15 |   1319 |   3 |  629.3 |
       Dungeon |   1888 |   1683 |    205 |     15 |   1319 |   3 |  629.3 |
               +--------+--------+--------+--------+--------+-----+--------+

Top non-repeatable levels by time:
     D:2: 1033 daAuts
     D:1: 837 daAuts
     D:3: 18 daAuts
